cohdb
Replays
Latest Replays
All Replays
Popular Replays
Top Player Replays
Match Explorer
How It Works
Community
CoH3 Stats
Reddit
Sign in to upload your games and track your stats! →
Sign in with Steam
Match 44687366
Unlisted
Match 44687366
Overview
Messages
Build Orders
End
Selects Indian Artillery Battlegroup
Vickers Machine Gun Team
Construct Section Command Post
Infantry Section
Infantry Section
Construct Field Infirmary
Selects Towed ML 4.2-inch Heavy Mortar
Towed ML 4.2-inch Heavy Mortar
Selects War Cry
Grenade Package
Construct Platoon Command Post
Selects Gurkha Rifles Section
6-pounder Anti-tank Gun Team
Gurkha Rifles Section
Selects Off-map Airburst Barrage
Construct Company Command Post
Selects Pillage
Matilda II Heavy Tank
Matilda II Heavy Tank
Royal Engineer Section
Unlock M3 Grant Medium Tanks
Off-map Airburst Barrage
Selects Perimeter Monitor
Perimeter Monitor
Gurkha Rifles Section
M3 Grant Medium Tank
Towed ML 4.2-inch Heavy Mortar
M3 Grant Medium Tank
M3 Grant Medium Tank
M3 Grant Medium Tank
Perimeter Monitor
Mamumamu
MASTER_YOUR_SLEEP
quantqum jump
forcz
✞Il Patriarco
Manana
幽魂
clevans32885
0
0
Comments
sign in to comment!
No comments posted yet!